 Dungeon Crawl Stone Soup version 0.29.0-4-gdea44cf6ec (webtiles) character file.

Game seed: 5871779810343400394

27 qw the Chopper (level 3, -5/21 HPs)
             Began as a Tengu Warper on Aug 28, 2022.
             Killed from afar by Sigmund (8 damage)
             ... with a puff of flame
             ... on level 2 of the Dungeon.
             The game lasted 00:00:05 (991 turns).

qw the Chopper (Tengu Warper)                        Turns: 991, Time: 00:00:06

Health: -5/21      AC: 11    Str: 13    XL:     3   Next: 10%
Magic:  7/7        EV:  3    Int: 13    God:
Gold:   18         SH:  0    Dex: 13    Spells: 6/6 levels left

rFire   . . .      SeeInvis .   Y - +0 hand axe
rCold   . . .      Faith    .   (no shield)
rNeg    . . .      Spirit   .   j - +0 plate armour
rPois   .          Reflect  .   (helmet restricted)
rElec   .          Harm     .   (no cloak)
rCorr   .          Rampage  .   g - +0 pair of gloves
Will    .....                   (boots unavailable)
Stlth   ..........              (no amulet)
HPRegen 0.07/turn               (no ring)
MPRegen 0.10/turn               (no ring)

@: no status effects
A: beak, talons 3
a: no special abilities


You were on level 2 of the Dungeon.
You visited 1 branch of the dungeon, and saw 2 of its levels.

You collected 18 gold pieces.


Innate Abilities, Weirdness & Mutations

You have a beak for a mouth.
You have claws for feet.


   Skills:
 - Level 2.0 Fighting
 + Level 3.8 Axes
 - Level 1.0 Throwing
 - Level 1.1 Armour
 - Level 2.1 Dodging
 - Level 2.0 Spellcasting
 - Level 2.4 Translocations


You had 6 spell levels left.
You didn't know any spells.
Your spell library contained the following spells:

 Spells                   Type           Power      Damage    Failure   Level
 Blink                    Tloc           14%        N/A       100%        2
 Gell's Gravitas          Tloc           7%         N/A       100%        3
 Lesser Beckoning         Tloc           7%         N/A       100%        3
 Teleport Other           Tloc           7%         N/A       100%        3
 Manifold Assault         Tloc           7%         N/A       100%        5

Inventory:

Hand Weapons
 d - a +0 flail
 Y - a +0 hand axe (weapon)
Armour
 g - a +0 pair of gloves (worn)
 j - a +0 plate armour (worn)
Potions
 e - a potion of lignification {unknown}
 k - a potion of brilliance {unknown}
 l - a potion of haste {unknown}

Dungeon Overview and Level Annotations

Branches:
Dungeon (2/15)

Altars:
Makhleb

Annotations:
D:2 Sigmund


Message History

Sigmund is moderately wounded.
Sigmund hits you but does no damage.
You closely miss Sigmund. Your kick misses Sigmund. Your peck misses Sigmund.
Sigmund is moderately wounded.
You closely miss Sigmund. You peck Sigmund.
Sigmund is heavily wounded.
Sigmund gestures at you while chanting.
You are confused.
Sigmund hits you with a +0 scythe.
You hit Sigmund.
Sigmund is heavily wounded.
Sigmund hits you but does no damage.
You hit Sigmund. Your punch misses Sigmund.
Sigmund is heavily wounded.
Sigmund hits you with a +0 scythe.
You closely miss Sigmund. Your peck misses Sigmund.
Sigmund is heavily wounded.
Sigmund gestures wildly while chanting.
Sigmund flickers and vanishes!
Deactivating autopickup; reactivate with Ctrl-A.
You're too confused to attack without stumbling around!
There is a strange disturbance nearby!
You feel less confused.
You hear some strange, mumbled words.
A magic dart appears from out of thin air!
The magic dart hits you!
You closely miss something. Your kick misses something.
Your peck misses something. Something hits you but does no damage.
You hit something. You claw something. Your peck misses something.
Something hits you but does no damage.
You miss something.
You hear some strange, mumbled words.
A magic dart appears from out of thin air!
The magic dart hits you but does no damage.
You barely miss something.
You hear some strange, mumbled words.
A puff of flame appears from out of thin air!
The puff of flame hits you!
You die...

######.##
##...#>..## .
#.........###.
.............
.!.........##
.._.........# #
.......{..#.#.####
........@##.......
#?.$..###?..#
##### #..#...#
##.###..# ##..#
..[# ##..## #.#
##### ##..## .#
#...# #..## #.# .
####. #...# #.##
#.# . ..#..


There were no monsters in sight!

Vanquished Creatures
  An adder (D:2)
  2 endoplasms (D:1)
  2 giant cockroaches (D:1)
  2 hobgoblins (D:1)
  2 kobolds (D:1)
  A quokka (D:1)
  2 ball pythons
  3 bats (D:1)
  A frilled lizard (D:1)
  2 rats (D:1)
18 creatures vanquished.

Notes
Turn   | Place    | Note
-------+----------+-------------------------------------------
     0 | D:1      | qw the Tengu Warper began the quest for the Orb.
     0 | D:1      | Reached XP level 1. HP: 12/12 MP: 4/4
     0 | D:1      | 0 ||| qw: Version: 0.1-a-89-g26bdef1
     0 | D:1      | 0 ||| qw: Game counter: 1024
     0 | D:1      | 0 ||| qw: Always use a shield: true
     0 | D:1      | 0 ||| qw: God list: Okawaru
     0 | D:1      | 0 ||| qw: Allow faded altars: false
     0 | D:1      | 0 ||| qw: Do Orc after D:15 true
     0 | D:1      | 0 ||| qw: Do second Lair branch before Depths: true
     0 | D:1      | 0 ||| qw: Lair rune preference: random
     0 | D:1      | 0 ||| qw: Plans: Normal
     0 | D:1      | 0 ||| PLANNING D:1-11
   230 | D:1      | Reached skill level 3 in Axes
   230 | D:1      | Reached XP level 2. HP: 17/17 MP: 6/6
   862 | D:1      | 862 ||| UPGRADING to +0 pair of gloves.
   867 | D:1      | 867 ||| UPGRADING to +0 ring mail.
   877 | D:1      | 877 ||| DROPPING +0 leather armour.
   878 | D:1      | 878 ||| UPGRADING to +0 plate armour.
   888 | D:1      | 888 ||| DROPPING +0 ring mail.
   889 | D:1      | 889 ||| READING scroll labelled WAMAHUY DAAZ.
   893 | D:1      | 893 ||| READING scroll labelled IROENYI YTZO.
   894 | D:1      | 894 ||| DRINKING 2 metallic black potions.
   895 | D:1      | 895 ||| DROPPING scroll of blinking.
   940 | D:2      | Reached XP level 3. HP: 21/21 MP: 7/7
   972 | D:2      | Noticed Sigmund
   973 | D:2      | 973 ||| Stepping ~*~*~tactically~*~*~ (hiding).
   974 | D:2      | Found a burning altar of Makhleb.
   978 | D:2      | 978 ||| DRINKING potion of curing.
   978 | D:2      | 978 ||| (to cure confusion)
   987 | D:2      | HP: 3/21 [something/magic dart (7)]
   991 | D:2      | Killed from afar by Sigmund

Levels and vault maps discovered:
D:1:      nicolae_arrival_somewhat_less_tricky_arrival, layout_basic,
          minmay_unequal
D:2:      layout_rooms, serial_glass, glass_columns_c, glass_columns_a,
          basic_altar, uniq_sigmund

Skill      XL: |  1 |
---------------+----+-----
Axes           | 3 |  3.8
Fighting       | |  2.0
Throwing       | |  1.0
Armour         | |  1.1
Dodging        | |  2.1
Spellcasting   | |  2.0
Translocations | |  2.4

Action                   || total
-------------------------++-------
Melee: Hand axe          ||    49
       Kick              ||    10
       Peck              ||     6
Throw: Boomerang         ||     7
  Use: Scroll            ||     2
       Potion            ||     2
Armor: Leather armour    ||     7
       Plate armour      ||    10
Dodge: Dodged            ||    15

Table legend:
 A = Non-vault XP
 B = Vault XP
 C = Vault XP percentage of total XP
 D = Non-vault monster count
 E = Vault monster count
 F = Vault count percentage of total count
                 A         B        C        D         E       F
            +---------+---------+-------+---------+---------+-------
      Total |      34 |       5 |  12.8 |      15 |       3 |  16.7
            +---------+---------+-------+---------+---------+-------
        D:1 |      20 |       5 |  20.0 |      13 |       3 |  18.8
        D:2 |      14 |       0 |   0.0 |       2 |       0 |   0.0
            +---------+---------+-------+---------+---------+-------
